 Dungeon Crawl Stone Soup version 0.32-a0-913-g739538afd8 (webtiles) character file.

Game seed: 13712995331281679285

105 holysushi the Insei (level 4, -2/32 HPs)
             Began as a Demonspawn Wanderer on Apr 7, 2024.
             Killed from afar by Blork the orc (10 damage)
             ... with a puff of frost
             ... on level 4 of the Dungeon.
             The game lasted 00:04:20 (2450 turns).

holysushi the Insei (Demonspawn Wanderer)           Turns: 2450, Time: 00:04:21

Health: -2/32      AC:  3    Str: 11 (12) XL:     4   Next: 53%
Magic:  5/5        EV:  9    Int: 11 (13) God:
Gold:   279        SH:  7    Dex: 13 (14) Spells: 4/5 levels left

rFire   . . .        m - +0 trident
rCold   . . .        g - +0 kite shield
rNeg    . . .        e - +0 robe
rPois   .            (no helmet)
rElec   .            (no cloak)
rCorr   .            (no gloves)
SInv    .            c - +0 pair of boots
Will    .....        (no amulet)
Stlth   ++           (no ring)
HPRegen 0.25/turn    (no ring)
MPRegen 0.09/turn

%: no passive effects
@: mighty
A: demonic guardian 1
a: no special abilities


You were on level 4 of the Dungeon.
You visited 1 branch of the dungeon, and saw 4 of its levels.

You collected 279 gold pieces.

Inventory:

Hand Weapons
 m - a +0 trident (weapon)
Missiles
 q - 6 atropa-tipped darts
Armour
 c - a +0 pair of boots (worn)
 e - a +0 robe (worn)
 g - a +0 kite shield (worn)
Scrolls
 a - 4 scrolls of identify {unknown}
 b - a scroll of blinking
 i - a scroll of vulnerability {unknown}
 k - 2 scrolls of poison {unknown}
 n - a scroll of revelation {unknown}
 o - a scroll of noise {unknown}
 p - a scroll of fear {unknown}
Potions
 d - a potion of attraction
 h - a potion of curing


   Skills:
 + Level 1.5 Fighting
 * Level 1.5 Polearms
 - Level 1.1 Throwing
 - Level 2.0 Dodging
 - Level 1.8 Stealth
 + Level 1.4 Shields
 - Level 3.0 Unarmed Combat
 - Level 1.1 Spellcasting
 - Level 2.0 Summonings


You had 4 spell levels left.
You knew the following spells:

 Your Spells              Type           Power      Damage    Failure   Level
a - Summon Small Mammal   Summ           20%        N/A       54%         1

Your spell library contained the following spells:

 Spells                   Type           Power      Damage    Failure   Level
 Call Canine Familiar     Summ           5%         N/A       88%         3
 Cigotuvi's Dreadful Rot  Necr/Alch/Air  0%         N/A       92%         2
 Ignite Poison            Fire/Alch      0%         N/A       100%        4
 Freezing Cloud           Conj/Ice/Air   0%         6-21      100%        5


Dungeon Overview and Level Annotations

Branches:
Dungeon (4/15) Zot: 21468
 Temple: D:4-7

Altars:
Ashenzari
Dithmenos
Kikubaaqudgha
Trog

Annotations:
D:4 Blork the orc


Innate Abilities, Weirdness & Mutations

A weak demonic guardian rushes to your aid.


Message History

You reach to attack!
You puncture Blork the orc!
Blork the orc is moderately wounded.
Blork the orc points at you and mumbles some strange words.
The puff of flame hits you! Blork the orc closely misses you.
Reach: m) +0 trident
Press: ? - help, Dir - move target, f/p - Blork the orc
Aim: Blork the orc, wielding a +0 trident and wearing a +2 robe (moderately wounded, about 42% to evade your +0 trident)
You reach to attack!
You puncture Blork the orc!
Blork the orc is almost dead.
Blork the orc points at you and mumbles some strange words.
The puff of frost misses you.
Reach: m) +0 trident
Press: ? - help, Dir - move target, f/p - Blork the orc
Aim: Blork the orc, wielding a +0 trident and wearing a +2 robe (almost dead, about 42% to evade your +0 trident)
You reach to attack!
You closely miss Blork the orc.
Blork the orc is almost dead.
Blork the orc looks braver for a moment.
Blork the orc hits you from afar with a +0 trident.
Reach: m) +0 trident
Press: ? - help, Dir - move target, f/p - Blork the orc
Aim: Blork the orc, wielding a +0 trident and wearing a +2 robe (almost dead, about 42% to evade your +0 trident)
You reach to attack!
You hit Blork the orc but do no damage.
Blork the orc is almost dead.
Blork the orc hits you from afar with a +0 trident.
* * * LOW HITPOINT WARNING * * *
Reach: m) +0 trident
Press: ? - help, Dir - move target, f/p - Blork the orc
Aim: Blork the orc, wielding a +0 trident and wearing a +2 robe (almost dead, about 42% to evade your +0 trident)
You reach to attack!
You completely miss Blork the orc.
Blork the orc is almost dead.
You block Blork the orc's attack. x2
Reach: m) +0 trident
Press: ? - help, Dir - move target, f/p - Blork the orc
Aim: Blork the orc, wielding a +0 trident and wearing a +2 robe (almost dead, about 42% to evade your +0 trident)
You reach to attack!
You hit Blork the orc but do no damage.
Blork the orc is almost dead.
Blork the orc gestures at you while chanting.
The puff of frost hits you!
You die...
Blork the orc shouts, "I believe in me!"

###.......# ..
........##### #.
#........... #.
#...........
#####..#####.......#...
...................... ###K
.o. #.<.....$.#
#....##.#####............
#.#.....@................
#<#..#..###.............#
#.[o.#.# #..#............
...#.#. #.##=.........#.
....# .. #.#.............
......#........#......#....
.......# ###...(........#
......).. ...#########.
.........##


You could see Blork the orc.

Vanquished Creatures
  An iguana (D:4)
  2 adders (D:3)
  4 orcs (D:3)
  7 endoplasms
  A giant cockroach (D:3)
  4 goblins
  3 hobgoblins
  A quokka (D:3)
  4 ball pythons
  4 bats
  2 frilled lizards
  3 kobolds
  5 rats
41 creatures vanquished.

Vanquished Creatures (collateral kills)
  An adder (D:3)
  An endoplasm (D:2)
  A hobgoblin (D:3)
  A quokka (D:1)
  A bat (D:1)
5 creatures vanquished.

Grand Total: 46 creatures vanquished

Notes
Turn   | Place    | Note
-------+----------+-------------------------------------------
     0 | D:1      | holysushi the Demonspawn Wanderer began the quest for the
                  | Orb.
     0 | D:1      | holysushi set off with the following items: a +0 club, a
                  | scroll of blinking, a +0 pair of boots, a potion of
                  | attraction, a +0 robe, a potion of heal wounds; and the
                  | following spell memorised: Summon Small Mammal; and the
                  | following spells available to memorise: Call Canine
                  | Familiar.
     0 | D:1      | Reached XP level 1. HP: 13/13 MP: 2/2
   178 | D:1      | Gained mutation: A weak demonic guardian rushes to your
                  | aid. [demonic ancestry]
   178 | D:1      | Reached XP level 2. HP: 11/19 MP: 3/3
   943 | D:2      | Reached skill level 3 in Unarmed Combat
  1038 | D:2      | Reached XP level 3. HP: 20/25 MP: 4/4
  1384 | D:3      | Reached skill level 1 in Fighting
  1384 | D:3      | Reached skill level 1 in Shields
  1956 | D:3      | Reached skill level 1 in Polearms
  1996 | D:3      | Reached XP level 4. HP: 32/32 MP: 5/5
  2046 | D:3      | Found an ancient bone altar of Kikubaaqudgha.
  2046 | D:3      | Found a shadowy altar of Dithmenos.
  2048 | D:3      | Found a broken altar of Ashenzari.
  2048 | D:3      | Found a bloodstained altar of Trog.
  2299 | D:4      | Noticed Blork the orc
  2450 | D:4      | Killed from afar by Blork the orc

Illustrated notes

Levels and vault maps discovered:
D:1:      orjb1_clovarrival, layout_basic
D:2:      layout_basic, ebering_dispersal_statue_hall
D:3:      layout_loops_ring, mainiacjoe_overflow_alcove_3,
          minmay_gold_behind_fungi
D:4:      layout_rooms, minmay_increasing_density, uniq_blork_the_orc, uniq_ijyb

Skill      XL: |  1  2  3  4 |
---------------+-------------+-----
Unarmed Combat | 3 |  3.0
Fighting       | 1 |  1.5
Shields        | 1 |  1.4
Polearms       | 1 |  1.5
Dodging        | 2 |  2.0
Throwing       | |  1.1
Stealth        | |  1.8
Spellcasting   | |  1.1
Summonings     | |  2.0

Action                     |  1- 3 |  4- 6 || total
---------------------------+-------+-------++-------
  Melee: Unarmed           |    98 |       ||    98
         Club              |     5 |       ||     5
         Trident           |    57 |    25 ||    82
   Cast: Summon Small Mamm |     4 |     3 ||     7
    Use: Potion            |     2 |     3 ||     5
   Stab: Sleeping          |     3 |       ||     3
 Armour: Robe              |   106 |    12 ||   118
  Dodge: Dodged            |    64 |    11 ||    75
  Block: Kite shield       |    81 |     8 ||    89

Table legend: (Time is in decaauts)
 A = Elapsed time spent in this place.
 B = Non-inter-level travel time spent in this place.
 C = Inter-level travel time spent in this place.
 D = Time resting spent in this place.
 E = Time spent auto-exploring this place.
 F = Levels seen in this place.
 G = Mean time per level.
                   A        B        C        D        E       F      G
               +--------+--------+--------+--------+--------+-----+--------+
         Total |   2529 |   2356 |    173 |    142 |   1543 |   4 |  632.2 |
       Dungeon |   2529 |   2356 |    173 |    142 |   1543 |   4 |  632.2 |
               +--------+--------+--------+--------+--------+-----+--------+

Top non-repeatable levels by time:
     D:3: 1077 daAuts
     D:1: 879 daAuts
     D:2: 528 daAuts
     D:4: 44 daAuts
